 Dungeon Crawl Stone Soup version 0.25.1-9-gc5326a611f (webtiles) character file.

Game seed: 7471441346886604693

22697 theanonym the Cleaver (level 12, -7/108 HPs)
             Began as a Centaur Gladiator on Sept 2, 2021.
             Was a High Priest of Zin.
             Mangled by a wolf (8 damage)
             ... on level 2 of the Lair of Beasts.
             The game lasted 00:25:41 (20289 turns).

theanonym the Cleaver (Centaur Gladiator)          Turns: 20289, Time: 00:25:42

Health: -7/108     AC: 23    Str: 22    XL:     12   Next: 65%
Magic:  19/19      EV:  3    Int: 12    God:    Zin [*****.]
Gold:   686        SH:  0    Dex: 11    Spells: 11/11 levels left

rFire    . . .     SeeInvis +   a - +1 battleaxe
rCold    . . .     Gourm    .   (shield currently unavailable)
rNeg     . . .     Faith    .   d - +0 plate armour
rPois    .         Spirit   .   c - +1 helmet
rElec    .         Reflect  .   q - +2 cloak
rCorr    .         Harm     .   l - +1 pair of gloves
MR       .....                  b - +1 centaur barding
Stlth    ..........             o - amulet of the acrobat
HPRegen  0.28/turn              s - ring of the Bull {Int+5 SInv}
MPRegen  0.16/turn              (no ring)

@: mighty, very quick
A: large, hooves 3, deformed body, speed 2, tough skin 3
a: Recite, Vitalisation, Imprison, Sanctuary, Donate Gold, Renounce Religion


Innate Abilities, Weirdness & Mutations

You have hooves in place of feet.
Armour fits poorly on your strangely shaped body.
You cover ground very quickly.
You have extremely tough skin. (AC +3)


   Skills:
 + Level 10.9 Fighting
 * Level 13.7 Axes
 - Level 2.1 Throwing
 + Level 4.2 Armour
 - Level 2.1 Dodging
 - Level 10.0 Invocations


You had 11 spell levels left.
You didn't know any spells.
Your spell library contained the following spells:

 Spells                   Type           Power        Failure   Level  Hunger
 Infusion                 Chrm           #...         100%        1    ##.....
 Sting                    Tmut/Pois      #...         100%        1    ##.....
 Poisonous Vapours        Pois/Air       #.....       100%        2    ###....
 Shroud of Golubria       Chrm/Tloc      #.....       100%        2    ###....
 Song of Slaying          Chrm           #.......     100%        2    ###....
 Ignite Poison            Fire/Tmut/Pois #.......     100%        3    ####...
 Mephitic Cloud           Conj/Pois/Air  #.......     100%        3    ####...
 Ozocubu's Armour         Chrm/Ice       #.......     100%        3    ####...
 Spectral Weapon          Hex/Chrm       #.......     100%        3    ####...
 Olgreb's Toxic Radiance  Pois           #.......     100%        4    #####..

Skill      XL: |  1  2  3  4  5  6  7  8  9 10 11 12 |
---------------+-------------------------------------+-----
Axes           | 3 4 5 6 7 8 10 11 12 13 | 13.7
Fighting       | 3 4 5 6 7 9 10 | 10.9
Invocations    | 3 4 6 8 9 10 | 10.0
Armour         | 2 4 |  4.2
Throwing       | |  2.1
Dodging        | |  2.1

Action                   |  1- 3 |  4- 6 |  7- 9 | 10-12 || total
-------------------------+-------+-------+-------+-------++-------
Melee: War axe           |    90 |    15 |       |       ||   105
       Kick              |    20 |    22 |    76 |   202 ||   320
       Broad axe         |       |    70 |   322 |   276 ||   668
       Battleaxe         |       |       |       |   396 ||   396
Throw: Throwing net      |       |     1 |     7 |     1 ||     9
Invok: Recite            |       |     1 |     1 |     2 ||     4
       Vitalisation      |       |       |     2 |     2 ||     4
Evoke: Wand              |       |       |     3 |    20 ||    23
  Use: Scroll            |       |     7 |     5 |    14 ||    26
       Potion            |       |       |     1 |     3 ||     4
 Stab: Held in net/web   |       |       |       |     1 ||     1
       Paralysed         |       |       |       |    10 ||    10
  Eat: Chunk             |     2 |     4 |     7 |    13 ||    26
       Ration            |       |     1 |     3 |     9 ||    13
Armor: Leather armour    |    30 |       |       |       ||    30
       Ring mail         |    16 |    42 |    66 |       ||   124
       Plate armour      |       |       |   209 |   590 ||   799
Dodge: Dodged            |    47 |    41 |    76 |   135 ||   299

Inventory:

Hand Weapons
 a - a +1 battleaxe (weapon)
Armour
 b - a +1 centaur barding (worn)
 c - a +1 helmet (worn)
 d - a +0 plate armour (worn)
 l - a +1 pair of gloves (worn)
 q - a +2 cloak (worn)
 C - a scarf of repulsion
Jewellery
 i - an uncursed ring of ice {rC++ rF-}
 o - an amulet of the acrobat (around neck)
 s - the ring of the Bull (left hand) {Int+5 SInv}

   [ring of see invisible]

   It affects your intelligence (+5).
   It lets you see invisible.
 y - an uncursed ring of fire {rF++ rC-}
Wands
 m - a wand of iceblast (1)
 z - a wand of paralysis (7)
Scrolls
 f - a scroll of fog
 n - 3 scrolls of remove curse
 r - 2 scrolls of identify
 t - 3 scrolls of enchant weapon
 B - a scroll of blinking
Potions
 g - 3 potions of lignification
 h - a potion of cancellation {unknown}
 j - a potion of brilliance
 k - 2 potions of flight
 p - 3 potions of mutation
 w - a potion of curing
Comestibles
 e - 25 rations
 x - 3 chunks of flesh


You were on level 2 of the Lair of Beasts.
You worshipped Zin.
Zin was extremely pleased with you.
You were hungry.

You visited 3 branches of the dungeon, and saw 14 of its levels.

You collected 762 gold pieces.
You donated 76 gold pieces to Zin.

Dungeon Overview and Level Annotations

Branches:
Dungeon (11/15)            Temple (1/1) D:4            Lair (2/6) D:11
    Orc (0/2) D:10
  Swamp: Lair:2-4    Shoals: Lair:2-4     Snake: Lair:2-4    Spider: Lair:2-4

Altars:
Ashenzari
Cheibriados
Dithmenos
Elyvilon
Fedhas
Gozag
Hepliaklqana
Kikubaaqudgha
Makhleb
Nemelex Xobeh
Okawaru
Qazlal
Ru
Sif Muna
Trog
Uskayaw
Vehumet
Wu Jian
Xom
Yredelemnul
Zin
The Shining One
Beogh

Shops:
D:6 [   D:7 * D:8

[ ..#..########..###.# #.....#
......#...##...# ## ##.#.##
..........#...## #.#..#
..............# ###..##
.............## ###......
............## ##.......#
............# #.......##
............# ### ####.[.....#
.............# #@####..........##
........>...## ##h.#............#
.............PP##...............#
......Y.............#
....................#
.....................#
......(.......<.....##
.(..................#
....................#


You could see a yak (fleeing) and a wolf.

Notes
Turn   | Place    | Note
-------+----------+-------------------------------------------
     0 | D:1      | theanonym the Centaur Gladiator began the quest for the
                  | Orb.
     0 | D:1      | Reached XP level 1. HP: 17/17 MP: 1/1
    75 | D:1      | Reached skill level 3 in Axes
    75 | D:1      | Reached XP level 2. HP: 21/24 MP: 2/2
   909 | D:2      | Reached XP level 3. HP: 30/30 MP: 3/3
  1183 | D:2      | Found a shadowy altar of Dithmenos.
  1678 | D:3      | Found a sacrificial altar of Ru.
  1949 | D:3      | Reached skill level 4 in Axes
  1949 | D:3      | Reached XP level 4. HP: 37/37 MP: 4/4
  2209 | D:3      | Reached skill level 3 in Fighting
  2628 | D:4      | Found a staircase to the Ecumenical Temple.
  2636 | Temple   | Entered the Ecumenical Temple
  2721 | Temple   | Became a worshipper of Zin the Law-Giver
  2721 | Temple   | Reached * piety under Zin
  2773 | D:4      | HP: 19/38 [gnoll/+0 halberd (6)]
  2780 | D:4      | Reached XP level 5. HP: 14/45 MP: 5/5
  3083 | D:4      | Reached ** piety under Zin
  3245 | D:4      | Noticed an ogre
  3252 | D:4      | HP: 14/45 [ogre/+0 giant club (11)]
  3595 | D:4      | Killed an ogre
  3595 | D:4      | Reached skill level 5 in Axes
  3598 | D:4      | Reached XP level 6. HP: 47/52 MP: 6/6
  3697 | D:5      | Entered Level 5 of the Dungeon
  3717 | D:5      | Reached skill level 4 in Fighting
  4127 | D:5      | HP: 22/52 [orc priest/divine providence (12)]
  4128 | D:5      | HP: 9/52 [orc priest/divine providence (13)]
  4130 | D:5      | HP: 4/53 [adder skeleton (3)]
  4131 | D:5      | Reached skill level 6 in Axes
  4663 | D:5      | Reached XP level 7. HP: 49/60 MP: 7/7
  4887 | D:5      | Reached skill level 1 in Invocations
  5327 | D:6      | Reached skill level 5 in Fighting
  5327 | D:6      | Reached skill level 2 in Invocations
  5377 | D:6      | You fall into a shaft and drop 3 floors!
  5413 | D:8      | Found Vefythre's Armour Boutique.
  5413 | D:8      | Noticed a wyvern
  5422 | D:7      | Reached skill level 7 in Axes
  5424 | D:7      | HP: 30/61 [bullfrog (7)]
  5431 | D:7      | HP: 21/61 [bullfrog (6)]
  5674 | D:7      | Reached skill level 3 in Invocations
  5674 | D:7      | Reached XP level 8. HP: 40/68 MP: 10/10
  5675 | D:7      | HP: 34/68 [big kobold/+0 dagger (4)]
  5693 | D:7      | HP: 32/69 [adder (4)]
  5698 | D:7      | HP: 30/69 [leopard gecko (3)]
  5708 | D:7      | HP: 31/69 [orc warrior/+0 dire flail (1)]
  5711 | D:7      | HP: 15/69 [centaur/+0 scimitar (5)]
  5736 | D:7      | HP: 16/70 [howler monkey (1)]
  5745 | D:7      | HP: 12/70 [orc/+0 flail (5)]
  6140 | D:7      | Found Pbywava's Practical Paraphernalia.
  6161 | D:7      | Reached skill level 8 in Axes
  6161 | D:7      | Reached skill level 4 in Invocations
  6270 | D:7      | Reached skill level 6 in Fighting
  6405 | D:7      | Found a runed translucent door.
  6406 | D:7      | Noticed Crazy Yiuf
  6601 | D:6      | HP: 35/70 [ogre/+0 giant club (14)]
  6606 | D:6      | HP: 34/70 [worker ant (2)]
  6613 | D:6      | HP: 33/70 [ogre/+0 giant club (2)]
  6891 | D:6      | Reached *** piety under Zin
  7361 | D:6      | Found Saskaugh's Antique Armour Boutique.
  7419 | D:6      | Reached XP level 9. HP: 78/78 MP: 12/12
  7586 | D:6      | Reached skill level 5 in Invocations
  8025 | D:7      | Reached skill level 9 in Axes
  8120 | D:7      | Noticed Menkaure
  8135 | D:7      | Killed Menkaure
  8135 | D:7      | Reached skill level 7 in Fighting
  8510 | D:7      | HP: 35/79 [orc warrior/+0 war axe (17)]
  8909 | D:7      | Killed Crazy Yiuf
  9048 | D:8      | Reached skill level 6 in Invocations
  9188 | D:8      | HP: 36/79 [killer bee (6)]
  9193 | D:8      | HP: 29/79 [killer bee (4)]
  9198 | D:8      | HP: 27/79 [killer bee (2)]
  9204 | D:8      | HP: 15/79 [killer bee (2)]
  9245 | D:8      | Noticed a two-headed ogre
  9562 | D:8      | Got a transparent granite ring
  9869 | D:8      | Reached skill level 10 in Axes
  9925 | D:8      | Identified the ring of the Bull {Int+5 SInv} (You found it
                  | on level 8 of the Dungeon)
 10098 | D:8      | Killed a two-headed ogre
 10098 | D:8      | Reached XP level 10. HP: 66/87 MP: 13/15
 10277 | D:8      | Reached skill level 7 in Invocations
 10281 | D:8      | Paralysed by a hornet for 2 turns
 10287 | D:8      | HP: 35/87 [hornet (10)]
 10287 | D:8      | Paralysed by a hornet for 3 turns
 10292 | D:8      | HP: 24/87 [hornet (4)]
 10295 | D:8      | HP: 2/87 [hornet (11)]
 11093 | D:8      | Reached skill level 8 in Fighting
 11725 | D:9      | Reached **** piety under Zin
 12315 | D:10     | Entered Level 10 of the Dungeon
 12321 | D:10     | Noticed Urug
 12334 | D:10     | HP: 26/88 [Urug/+1 great mace of holy wrath (21)]
 12338 | D:10     | HP: 10/88 [Urug/javelin (5)]
 12670 | D:10     | Noticed a two-headed ogre
 12678 | D:9      | Killed a two-headed ogre
 12678 | D:9      | Reached skill level 11 in Axes
 12982 | D:10     | HP: 44/89 [orc priest/divine providence (17)]
 13189 | D:9      | Reached skill level 8 in Invocations
 13300 | D:10     | Killed Urug
 13368 | D:10     | Noticed Nergalle
 13385 | D:10     | HP: 42/89 [Nergalle/bolt of negative energy (23)]
 13390 | D:10     | HP: 32/89 [poisoned by a spectral orc]
 13391 | D:10     | Killed Nergalle
 13391 | D:10     | Reached skill level 9 in Fighting
 13391 | D:10     | Reached XP level 11. HP: 31/96 MP: 17/17
 13396 | D:10     | HP: 30/96 [poisoned by a spectral orc]
 13403 | D:10     | HP: 28/96 [poisoned by a spectral orc]
 13410 | D:10     | HP: 28/96 [poisoned by a spectral orc]
 13418 | D:10     | HP: 28/96 [poisoned by a spectral orc]
 13701 | D:10     | HP: 39/96 [yak (10)]
 14043 | D:10     | Noticed an unseen horror
 14045 | D:10     | Killed an unseen horror
 14549 | D:10     | Reached skill level 12 in Axes
 14678 | D:10     | HP: 41/96 [orc priest/divine providence (13)]
 14958 | D:10     | Found a roughly hewn altar of Beogh.
 15050 | D:10     | HP: 47/96 [orc warrior/+0 halberd (10)]
 15052 | D:10     | Reached skill level 9 in Invocations
 15263 | D:10     | Found a staircase to the Orcish Mines.
 15518 | D:11     | Noticed a two-headed ogre
 15531 | D:11     | Reached skill level 1 in Armour
 15535 | D:11     | HP: 42/96 [two-headed ogre/+0 giant club (16)]
 15536 | D:11     | Killed a two-headed ogre
 15869 | D:11     | HP: 48/98 [wolf (6)]
 15875 | D:11     | HP: 45/98 [yak (4)]
 15881 | D:11     | HP: 39/98 [centaur (7)]
 16172 | D:11     | HP: 46/98 [yak (9)]
 16177 | D:11     | Reached skill level 2 in Armour
 16177 | D:11     | HP: 39/99 [poisoned by a water moccasin]
 16182 | D:11     | HP: 34/99 [poisoned by a water moccasin]
 16187 | D:11     | HP: 29/99 [poisoned by a water moccasin]
 16192 | D:11     | HP: 11/99 [yak (6)]
 16199 | D:10     | HP: 9/99 [poisoned by a water moccasin]
 16204 | D:10     | HP: 8/99 [poisoned by a water moccasin]
 16212 | D:10     | HP: 8/99 [poisoned by a water moccasin]
 16638 | D:11     | Reached skill level 10 in Fighting
 16825 | D:11     | Found a staircase to the Lair.
 16943 | D:11     | HP: 47/99 [troll (9)]
 17457 | D:11     | Reached ***** piety under Zin
 17485 | D:11     | Noticed an unseen horror
 17495 | D:11     | Killed an unseen horror
 17495 | D:11     | Reached XP level 12. HP: 103/106 MP: 19/19
 17596 | D:11     | Noticed an eight-headed hydra
 17602 | D:11     | Killed an eight-headed hydra
 17805 | Lair:1   | Entered Level 1 of the Lair of Beasts
 17830 | Lair:1   | Reached skill level 3 in Armour
 17949 | Lair:1   | Reached skill level 13 in Axes
 17989 | Lair:1   | Reached skill level 10 in Invocations
 18408 | Lair:1   | HP: 51/107 [poisoned by a spiny frog]
 18411 | Lair:1   | You fall into a shaft and drop 1 floor!
 18413 | Lair:2   | HP: 35/107 [poisoned by a spiny frog]
 18809 | Lair:1   | Noticed a seven-headed hydra
 18814 | Lair:1   | Killed a ten-headed hydra
 18970 | Lair:1   | You fall into a shaft and drop 1 floor!
 18970 | Lair:2   | Noticed a six-headed hydra
 19600 | Lair:2   | HP: 54/108 [poisoned by a spiny frog]
 19605 | Lair:2   | HP: 50/108 [poisoned by a spiny frog]
 19611 | Lair:2   | HP: 47/108 [poisoned by a spiny frog]
 19617 | Lair:2   | HP: 44/108 [poisoned by a spiny frog]
 19622 | Lair:2   | HP: 44/108 [poisoned by a spiny frog]
 19629 | Lair:2   | HP: 44/108 [poisoned by a spiny frog]
 19637 | Lair:2   | HP: 44/108 [poisoned by a spiny frog]
 20020 | Lair:2   | Killed a 12-headed hydra
 20020 | Lair:2   | Reached skill level 4 in Armour
 20256 | Lair:2   | HP: 52/108 [wolf (7)]
 20261 | Lair:2   | HP: 38/108 [spiny frog (3)]
 20271 | Lair:2   | HP: 23/108 [yak (9)]
 20276 | Lair:2   | HP: 21/108 [yak (3)]
 20284 | Lair:2   | HP: 13/108 [wolf (1)]
 20287 | Lair:2   | HP: 5/108 [wolf (5)]
 20287 | Lair:2   | Zin protects you from harm!
 20288 | Lair:2   | HP: 1/108 [wolf (5)]
 20289 | Lair:2   | Mangled by a wolf

Vanquished Creatures
  3 hydras
  3 two-headed ogres
  Urug (D:10)
  Nergalle (D:10)
  2 unseen horrors
  5 spiny frogs
  4 komodo dragons
  3 trolls
  2 hornets (D:8)
  2 hippogriffs
  24 yaks
  2 wraiths
  A wyvern (D:7)
  2 hungry ghosts
  A soldier ant (D:8)
  Menkaure (D:7)
  3 water moccasins
  5 porcupines
  2 sky beasts
  5 black bears
  An ice beast (D:6)
  4 necrophages
  7 orc warriors
  10 ogres
  8 wolves
  A phantom (D:5)
  7 centaurs
  2 big kobolds
  3 crocodiles
  10 bullfrogs
  A wyvern skeleton (D:7)
  3 scorpions
  5 killer bees (D:8)
  8 howler monkeys
  2 bullfrog zombies
  8 crimson imps
  A centaur zombie (D:9)
  3 orc wizards
  A centaur skeleton (D:9)
  4 hounds
  4 jellies
  10 orc priests
  Crazy Yiuf (D:7)
  4 bullfrog skeletons
  4 iguanas
  11 worker ants
  A hound skeleton (D:5)
  3 hound zombies
  A worker ant zombie (D:5)
  6 gnolls
  9 adders
  3 shadow imps
  3 oozes
  An adder skeleton (D:5)
  An adder zombie (D:9)
  2 worms (D:4)
  A dart slug (D:3)
  4 leopard geckos
  50 orcs
  6 giant cockroaches
  5 hobgoblins
  8 jackals
  3 quokkas
  2 ball pythons
  6 bats
  2 frilled lizards
  18 goblins
  A jackal skeleton (D:4)
  11 kobolds
  A leopard gecko skeleton (D:5)
  A quokka skeleton (D:4)
  3 rats
347 creatures vanquished.

Vanquished Creatures (others)
  3 bushes (D:11)
  4 fungi (D:11)
  16 plants (D:11)
23 creatures vanquished.

Grand Total: 370 creatures vanquished

Table legend:
 A = Turns spent in this place as a percentage of turns spent in the entire game.
 B = Non-inter-level travel turns spent in this place as a percentage of non-inter-level travel turns spent in the entire game.
 C = Inter-level travel turns spent in this place as a percentage of turns spent in this place.
 D = Turns resting spent in this place as a percentage of non-inter-level travel turns spent in this place.
 E = Turns spent auto-exploring this place as a percentage of non-inter-level travel turns spent in this place.
 F = Non-inter-level travel turns spent in this place divided by the number of levels of this place that you've seen.
                   A       B       C       D       E      F
               +-------+-------+-------+-------+-------+----------------------
         Total | 100.0 | 100.0 |   4.8 |  39.2 |  47.8 | 1379.1
       Dungeon |  87.3 |  86.9 |   5.2 |  40.1 |  47.0 | 1526.0
        Temple |   0.4 |   0.4 |  23.1 |   0.0 |  95.7 |  70.0
          Lair |  12.2 |  12.7 |   1.3 |  34.1 |  52.4 | 1226.0
               +-------+-------+-------+-------+-------+----------------------
